 Dungeon Crawl Stone Soup version 0.27-a0-1434-g6f15984924 (webtiles) character file.

Game seed: 16843169852024359640

152 Brandom the Insei (level 5, 0/54 HPs)
             Began as an Octopode Transmuter on July 2, 2021.
             Was a Follower of Fedhas.
             Succumbed to a kobold's poison
             ... on level 2 of the Dungeon.
             The game lasted 00:05:27 (3275 turns).

Brandom the Insei (Octopode Transmuter)             Turns: 3275, Time: 00:05:28

Health: 0/54       AC: 22    Str:  9    XL:     5   Next: 34%
Magic:  8/8        EV:  2    Int: 16    God:    Fedhas [*.....]
Gold:   65         SH:  0    Dex: 13    Spells: 5/9 levels left

rFire    . . .     SeeInvis .     - Unarmed
rCold    . . .     Faith    .   (no shield)
rNeg     + + +     Spirit   .   (helmet currently unavailable)
rPois    +         Reflect  .   (no amulet)
rElec    .         Harm     .   (no ring)
rCorr    .         Rampage  .   (no ring)
Will     .....     NoTele   +   (no ring)
Stlth    +.........             (no ring)
HPRegen  0.18/turn              (no ring)
MPRegen  0.11/turn              (no ring)
                                (no ring)
                                (no ring)

@: lethally poisoned (0 -> -20), tree-form
A: stationary, stasis, torment immunity, boosted hp, almost no armour,
(amphibious), 8 rings, (camouflage 1), (gelatinous body 1), (nimble swimmer 1),
(tentacles)
a: Renounce Religion


You were on level 2 of the Dungeon.
You worshipped Fedhas.
Fedhas was aware of your devotion.
You were a tree.
You visited 1 branch of the dungeon, and saw 2 of its levels.

You collected 65 gold pieces.

Inventory:

Scrolls
 a - a scroll of amnesia {unknown}
 b - a scroll of magic mapping {unknown}
 d - 2 scrolls of teleportation {unknown}
 g - a scroll of identify {unknown}
Potions
 c - a potion of might {unknown}
 e - a potion of lignification {!q}
 f - a potion of heal wounds {unknown}
 h - 2 potions of curing {unknown}


   Skills:
 * Level 2.9 Fighting
 + Level 2.7 Dodging
 + Level 3.5 Unarmed Combat
 + Level 2.6 Spellcasting
 + Level 2.6 Transmutations
 + Level 1.0 Poison Magic
 + Level 0.0 Invocations


You had 5 spell levels left.
You knew the following spells:

 Your Spells              Type           Power      Damage    Failure   Level
a - Beastly Appendage     Tmut           20%        N/A       6%          1
x - Spider Form           Tmut/Pois      4%         N/A       26%         3

Your spell library contained the following spells:

 Spells                   Type           Power      Damage    Failure   Level
 Wereblood                Tmut           10%        N/A       10%         2
 Slow                     Hex            2%         N/A       30%         2
 Confusing Touch          Hex            2%         N/A       52%         3
 Ice Form                 Ice/Tmut       6%         N/A       73%         4
 Yara's Violent Unravell  Hex/Tmut       3%         3d4       97%         5


Dungeon Overview and Level Annotations

Branches:
Dungeon (2/15)

Altars:
Fedhas
Xom


Innate Abilities, Weirdness & Mutations

You are a tree.
Your roots penetrate the ground, keeping you stationary.
You cannot be teleported.
You are immune to unholy pain and torment.
Your maximum health is greatly increased.
Your equipment is partially melded.
You cannot wear most types of armour.
((You are amphibious.))
You can wear up to eight rings at the same time.
((Your skin changes colour to match your surroundings (Stealth+).))
((Your rubbery body absorbs attacks. (AC +1, EV +1)))
((You are camouflaged near water. (Stealth+)))
((You have tentacles for arms and can constrict up to eight enemies at once.))


Message History

You tentacle-slap the giant cockroach but do no damage.
You grab the giant cockroach.
Your squeeze misses the giant cockroach.
You constrict the giant cockroach.
You kill the giant cockroach!
Fedhas appreciates your contribution to the ecosystem.
The quokka bites you.
You barely miss the quokka. You grab the quokka.
You constrict the quokka, but do no damage.
The quokka bites you.
You tentacle-slap the quokka. You constrict the quokka. The quokka bites you.
You tentacle-slap the quokka. You squeeze the quokka.
You kill the quokka!
Fedhas appreciates your contribution to the ecosystem.
No target in view!
No target in view!
Found a shimmering altar of Xom.
Found a book of Misfortune.
Found a scroll labelled PUHEISH HURGHACW.
d - 2 scrolls labelled PUHEISH HURGHACW (gained 1)
You pick up a book of Misfortune and begin reading...
You add the spells Slow, Confusing Touch and Yara's Violent Unravelling to your library.
There is a stone staircase leading up here.
There is a stone staircase leading up here.
There is a stone staircase leading up here.
A kobold comes into view. It is wielding a +2 dagger of venom.
The kobold hits you with a +2 dagger of venom.
You are poisoned.
You tentacle-slap the kobold. Your grab misses the kobold.
You feel sick.
The kobold hits you with a +2 dagger of venom.
You are more poisoned.
You barely miss the kobold. Your grab misses the kobold.
You feel very sick.
The kobold hits you with a +2 dagger of venom.
* * * LOW HITPOINT WARNING * * *
You are lethally poisoned!
You barely miss the kobold. Your grab misses the kobold.
Your squeeze misses the kobold.
* * * LOW HITPOINT WARNING * * *
You feel very sick. The kobold barely misses you.
You miss the kobold. Your grab misses the kobold.
* * * LOW HITPOINT WARNING * * *
You feel very sick.
The kobold hits you with a +2 dagger of venom.
* * * LOW HITPOINT WARNING * * *
It was a potion of lignification.
You turn into a tree.
Your roots penetrate the ground.
You die...
Fedhas appreciates your contribution to the ecosystem.

#.......# #..)....##.# #.
#.##.##.# ####.......# #.
#.##....## ##......# #.
#.##..#.##. #.#.##.####.
#.###...##.. ###.#.##......
#.####..##..#
#.#............
#.......##...#
#.##...###......
######.###....###K#
#...###.####. #.# #.....#♣#
#.......####. #.#
#.#####.#.######... #.#
#.......#.# #.#. #.#
######.#######.# #...
#.###.....#........######..#
#.....####.######..........#
####### ### #.###.#.....
#.###.#.##.# #.##....##..


You could see a kobold.

Vanquished Creatures
  Natasha (thrice) (D:2)
  4 gnolls (D:2)
  2 bats
  2 endoplasms (D:1)
  3 giant cockroaches
  3 goblins
  3 hobgoblins (D:2)
  5 jackals (D:1)
  5 kobolds
  3 quokkas
  3 ball pythons
  2 frilled lizards (D:1)
  3 rats
41 creatures vanquished.

Notes
Turn   | Place    | Note
-------+----------+-------------------------------------------
     0 | D:1      | Brandom the Octopode Transmuter began the quest for the
                  | Orb.
     0 | D:1      | Reached XP level 1. HP: 13/13 MP: 3/3
   397 | D:1      | Reached XP level 2. HP: 17/18 MP: 3/5
  1598 | D:2      | Reached XP level 3. HP: 24/24 MP: 4/6
  1655 | D:2      | Noticed Natasha
  1658 | D:2      | Found a faded altar of an unknown god.
  1661 | D:2      | Killed Natasha
  2076 | D:2      | Noticed Natasha
  2090 | D:2      | Killed Natasha
  2091 | D:2      | Reached XP level 4. HP: 15/30 MP: 7/7
  2301 | D:2      | Learned a level 3 spell: Spider Form
  2475 | D:2      | Reached XP level 5. HP: 5/35 MP: 4/8
  2845 | D:2      | Noticed Natasha
  2851 | D:2      | Killed Natasha
  2852 | D:2      | Reached skill level 1 in Poison Magic
  3121 | D:2      | Became a worshipper of Fedhas Madash
  3121 | D:2      | Reached * piety under Fedhas
  3198 | D:2      | Found a shimmering altar of Xom.
  3275 | D:2      | Succumbed to a kobold's poison

Illustrated notes

Levels and vault maps discovered:
D:1:      tarquinn_simple_flora_water_b, layout_basic, nrook_uturn
D:2:      layout_loops_cross, basic_altar, ebering_ecumenical_altar_rust,
          uniq_natasha

Skill      XL: |  1  2  3  4  5 |
---------------+----------------+-----
Fighting       | 2 |  2.9
Poison Magic   | 1 |  1.0
Dodging        | |  2.7
Unarmed Combat | |  3.5
Spellcasting   | |  2.6
Transmutations | |  2.6

Action                   |  1- 3 |  4- 6 || total
-------------------------+-------+-------++-------
Melee: Unarmed           |    72 |    35 ||   107
       Constrict         |    17 |     7 ||    24
       Tentacles         |     9 |     2 ||    11
       Kick              |     9 |       ||     9
       Punch             |     3 |     1 ||     4
 Cast: Beastly Appendage |     8 |       ||     8
       Spider Form       |       |     4 ||     4
  Use: Potion            |       |     1 ||     1
 Stab: Sleeping          |     2 |     2 ||     4
Armor: Skin              |     7 |     1 ||     8
Dodge: Dodged            |    40 |    18 ||    58

Table legend: (Time is in decaauts)
 A = Elapsed time spent in this place.
 B = Non-inter-level travel time spent in this place.
 C = Inter-level travel time spent in this place.
 D = Time resting spent in this place.
 E = Time spent auto-exploring this place.
 F = Levels seen in this place.
 G = Mean time per level.
                   A        B        C        D        E       F      G
               +--------+--------+--------+--------+--------+-----+--------+
         Total |   3270 |   3156 |    114 |   1110 |   1445 |   2 | 1635.0 |
       Dungeon |   3270 |   3156 |    114 |   1110 |   1445 |   2 | 1635.0 |
               +--------+--------+--------+--------+--------+-----+--------+

Top non-repeatable levels by time:
     D:1: 2049 daAuts
     D:2: 1221 daAuts
